 Dungeon Crawl Stone Soup version 0.25-a0-482-g9b3b753f3f (webtiles) character file.

Game seed: 4585074928485793075, levelgen mode: deterministic

130 OctopusDreams the Poker (level 5, 0/36 HPs)
             Began as an Octopode Fighter on Feb 10, 2020.
             Slain by an orc
             ... wielding a +0 trident
              (9 damage)
             ... on level 3 of the Dungeon.
             The game lasted 00:04:02 (1996 turns).

OctopusDreams the Poker (Octopode Fighter)          Turns: 1996, Time: 00:04:02

Health: 0/36       AC:  1    Str: 16    XL:     5   Next: 13%
Magic:  5/5        EV: 11    Int: 11    God:
Gold:   135        SH:  8    Dex: 11    Spells: 4/4 levels left

rFire    . . .     SeeInvis .   a - +0 trident
rCold    . . .     Gourm    .   b - +0 shield
rNeg     . . .     Faith    .   (helmet restricted)
rPois    .         Spirit   .   (no amulet)
rElec    .         Reflect  .   n - ring of resist corrosion
rCorr    +         Harm     .   (no ring)
MR       .....                  (no ring)
Stlth    ++........             (no ring)
HPRegen  0.12/turn              (no ring)
MPRegen  0.09/turn              (no ring)
                                (no ring)
                                (no ring)

@: no status effects
A: almost no armour, stealthy swim, amphibious, 8 rings, constrict 8, camouflage
1, gelatinous body 1
a: no special abilities


You were on level 3 of the Dungeon.
You were not hungry.

You visited 1 branch of the dungeon, and saw 3 of its levels.

You collected 135 gold pieces.

Inventory:

Hand Weapons
 a - a +0 trident (weapon)
Missiles
 o - 23 poisoned darts (quivered)
Armour
 b - a +0 shield (worn)
Jewellery
 n - a ring of resist corrosion (left tentacle)
Scrolls
 e - 3 scrolls of remove curse {unknown}
 f - a scroll of blinking {unknown}
 g - 4 scrolls of identify {unknown}
 i - a scroll of enchant weapon {unknown}
 k - 3 scrolls of immolation {unknown}
 m - a scroll of fear {unknown}
Potions
 c - a potion of might
 h - a potion of haste {unknown}
 j - a potion of brilliance {unknown}
 l - 3 potions of berserk rage {unknown}
Comestibles
 d - 7 rations
 p - a chunk of flesh


   Skills:
 - Level 3.0 Fighting
 + Level 5.1 Polearms
 - Level 3.0 Dodging
 - Level 3.0 Shields


You had 4 spell levels left.
You didn't know any spells.
Your spell library was empty.

Dungeon Overview and Level Annotations

Branches:
Dungeon (3/15)

Altars:
Ashenzari


Innate Abilities, Weirdness & Mutations

You cannot wear most types of armour.
You are very stealthy in the water. (Stealth+)
You are amphibious.
You can wear up to eight rings at the same time.
You can use your tentacles to constrict eight enemies at once.
Your skin changes colour to match your surroundings (Stealth+).
Your rubbery body absorbs attacks. (AC +1, EV +1)


Message History

Press: ? - help, Dir - move target cursor, f - orc
Aim: an orc, wielding a +0 trident and wearing a +0 ring mail You reach to attack!
You hit the orc.
The orc is severely wounded.
The orc hits you but does no damage.
Attack whom?
Press: ? - help, Dir - move target cursor, f/p - orc
Aim: an orc, wielding a +0 trident and wearing a +0 ring mail (severely wounded)
You reach to attack!
You barely miss the orc.
The orc is severely wounded.
The orc barely misses you.
The orc hits you from afar with a +0 trident.
* * * LOW HITPOINT WARNING * * *
Attack whom?
Press: ? - help, Dir - move target cursor, f/p - orc
Aim: an orc, wielding a +0 trident and wearing a +0 ring mail (severely wounded)
You reach to attack!
You closely miss the orc.
The orc is severely wounded.
The orc hits you from afar with a +0 trident!
You die...

...##........#.### ...
.####.....[......# .#...
## #........###... .....
#.........### #....
##.......#...###...#
#..##....###o.#..#
#..#####.####.o.# #..#
#....##..###### ####..#
####[)@.).....# ......#
#........##.##
.....########.>......##..#
....#.....................
....#.............)..###.#
....#........#####<.......
.................).#######
....#........#######
....#........#


You could see an orc.

Vanquished Creatures
  2 orc wizards (D:3)
  2 adders
  A worm (D:2)
  A leopard gecko (D:2)
  8 orcs (D:3)
  2 giant cockroaches (D:3)
  5 goblins
  6 hobgoblins
  2 jackals (D:2)
  4 bats
  A frilled lizard (D:1)
  4 kobolds
  5 rats
43 creatures vanquished.

Notes
Turn   | Place    | Note
-------+----------+-------------------------------------------
     0 | D:1      | OctopusDreams the Octopode Fighter began the quest for the
                  | Orb.
     0 | D:1      | Reached XP level 1. HP: 16/16 MP: 1/1
   129 | D:1      | You fall into a shaft and drop 1 floor!
   186 | D:2      | Reached XP level 2. HP: 21/21 MP: 2/2
   201 | D:2      | Found a shattered altar of Ashenzari.
   788 | D:2      | Reached skill level 3 in Polearms
  1197 | D:2      | Reached XP level 3. HP: 26/26 MP: 3/3
  1474 | D:3      | Reached skill level 4 in Polearms
  1484 | D:3      | Reached XP level 4. HP: 17/31 MP: 4/4
  1976 | D:3      | Reached skill level 5 in Polearms
  1976 | D:3      | Reached XP level 5. HP: 9/36 MP: 5/5
  1996 | D:3      | Slain by an orc

Levels and vault maps discovered:
D:1:      saegor_arrival_simple_b, layout_rooms, serial_co_window_serial,
          co_window_corner_a, co_window_paths_a, co_window_paths_a,
          co_window_paths_a, co_window_paths_b, co_window_2corner,
          co_window_broadway_c, co_window_unsneaky_path_d, co_window_broadway_a,
          co_window_corner_b, co_window_broadway_a, glass_columns_b,
          glass_columns_a, glass_columns_a, glass_columns_a, glass_columns_a
D:2:      layout_loops_corners, nicolae_ashenzari_panopticon
D:3:      layout_rooms, bloody_trog, old_standard_altar, uniq_terence

Skill      XL: |  1  2  3  4 |
---------------+-------------+-----
Polearms       | 3 4 5 |  5.1
Fighting       | |  3.0
Dodging        | |  3.0
Shields        | |  3.0

Action                   |  1- 3 |  4- 6 || total
-------------------------+-------+-------++-------
Melee: Trident           |    76 |    30 ||   106
       Tentacles         |    11 |     7 ||    18
       Constrict         |    15 |     9 ||    24
 Stab: Sleeping          |     4 |       ||     4
       Distracted        |     1 |       ||     1
  Eat: Chunk             |     2 |     1 ||     3
Armor: Skin              |     2 |       ||     2
Dodge: Dodged            |    20 |    18 ||    38
Block: Shield            |     9 |    12 ||    21

Table legend:
 A = Non-vault XP
 B = Vault XP
 C = Vault XP percentage of total XP
 D = Non-vault monster count
 E = Vault monster count
 F = Vault count percentage of total count
                 A         B        C        D         E       F
            +---------+---------+-------+---------+---------+-------
      Total |     186 |       0 |   0.0 |      43 |       0 |   0.0
            +---------+---------+-------+---------+---------+-------
        D:1 |      13 |       0 |   0.0 |       9 |       0 |   0.0
        D:2 |      41 |       0 |   0.0 |      17 |       0 |   0.0
        D:3 |     132 |       0 |   0.0 |      17 |       0 |   0.0
            +---------+---------+-------+---------+---------+-------
